Map: Emerald City LE

Players

Scar

  • Race: Zerg Zerg
  • League: Diamond
  • Spawn Location: 11:00

Alphonsekarr

  • Race: Protoss Protoss
  • League: Diamond
  • Spawn Location: 11:00

Massa - Winner!

  • Race: Terran Terran
  • League: Platinum
  • Spawn Location: 5:00

qqq - Winner!

  • Race: Protoss Protoss
  • League: Platinum
  • Spawn Location: 5:00

VOD

Have the link to the VOD?

Description

Time

  • Played on: Dec. 13, 2020, 4:40 a.m.
  • Length: 17:16
Show
View Real Time Build Order
Export as new Build Order

Scar Zerg 

Build Orders: Hatch First 

Get SALT Encoding   

  12  0:00  Drone  
  13  0:12  Overlord  
  13  0:17  Drone  
  14  0:31  Drone x2  
  16  0:51  Hatchery  
  16  0:54  Drone  
  16  1:01  Drone  
  16  1:03  Extractor  
  16  1:24  Spawning Pool  
  15  1:58  Drone  
  15  1:59  Drone x2  
  17  2:11  Queen  
  17  2:13  Drone  
  20  2:18  Drone  
  20  2:21  Drone  
  22  2:24  Drone  
  22  2:29  Drone  
  24  2:38  Queen  
  24  2:42  Drone  
  27  2:50  Zergling x2  
  28  2:53  Spore Crawler  
  27  3:01  Drone  
  27  3:05  Overlord  
  29  3:10  Metabolic Boost  
  29  3:14  Overlord  
  29  3:26  Hatchery  
  28  3:27  Drone x2  
  28  3:33  Drone x2  
  32  3:35  Drone  
  32  3:38  Drone  
  32  3:39  Drone  
  35  3:41  Drone  
  35  3:45  Drone  
  37  3:50  Drone x2  
  37  3:53  Drone x2  
  41  3:57  Overlord  
  41  4:02  Overlord  
  41  4:08  Overlord  
  41  4:09  Drone  
  43  4:10  Drone x2  
  43  4:15  Drone  
  45  4:20  Drone  
  45  4:22  Drone x2  
  48  4:25  Drone  
  48  4:26  Drone  
  50  4:32  Drone x3  
  50  4:33  Drone  
  50  4:36  Queen  
  50  4:37  Overlord  
  56  4:45  Evolution Chamber  
  55  4:47  Drone  
  55  4:48  Drone  
  55  4:50  Hatchery  
  56  4:57  Zergling x8  
  60  5:00  Zergling x2  
  60  5:06  Zergling x4  
  60  5:07  Zergling x4  
  65  5:10  Zergling x6  
  65  5:14  Zerg Melee Weapons Level 1, Spore Crawler  
  67  5:15  Zergling x2  
  67  5:20  Evolution Chamber  
  67  5:22  Zergling x2  
  67  5:23  Zergling x4  
  67  5:28  Drone  
  71  5:34  Zergling x4  
  73  5:35  Drone  
  73  5:37  Lair  
  74  5:50  Hatchery  
  73  6:00  Overlord x5  
  73  6:01  Overlord  
  73  6:07  Zergling x2  
  73  6:08  Zergling x12  
  80  6:12  Extractor x2, Queen, Overlord  
  80  6:13  Zerg Ground Armor Level 1  
  80  6:20  Zergling x2  
  80  6:21  Zergling x6  
  80  6:22  Drone  
  85  6:31  Drone x5  
  88  6:34  Drone x2, Spore Crawler  
  88  6:35  Drone, Spore Crawler  
  88  6:36  Spore Crawler  
  88  6:38  Spore Crawler  
  87  6:40  Drone  
  87  6:41  Drone  
  87  6:43  Drone  
  87  6:46  Overlord  
  90  6:47  Drone  
  90  6:53  Zergling x6  
  92  6:55  Zergling x4  
  92  6:56  Zergling x2  
  92  6:59  Zergling x2  
  92  7:00  Zergling x2  
  83  7:03  Zergling x2  
  83  7:05  Zergling x4  
  83  7:06  Zergling x4  
  84  7:10  Zergling x6  
  84  7:19  Zergling x6  
  84  7:21  Zergling x2  
  81  7:29  Zergling x6  
  85  7:30  Zergling x6, Baneling Nest  
  85  7:31  Zergling x2  
  85  7:33  Zerg Melee Weapons Level 2  
  85  7:36  Queen  
  87  7:38  Zergling x4  
  87  7:39  Zergling x2  
  87  7:42  Zergling x6  
  95  7:45  Zergling x2  
  95  7:48  Overlord  
  96  7:52  Zergling x6  
  96  7:53  Zergling x2  
  96  7:56  Overlord  
  96  7:57  Overlord  
  100  8:02  Zergling x8  
  100  8:03  Zergling x4  
  106  8:08  Zerg Ground Armor Level 2  
  106  8:11  Zergling x2  
  106  8:12  Zergling x2  
  108  8:13  Zergling x2  
  108  8:14  Zergling x2  
  108  8:15  Zergling x2  
  108  8:16  Zergling x2  
  108  8:17  Zergling x2  
  110  8:20  Zergling x4  
  110  8:21  Zergling x2  
  110  8:22  Zergling x2  
  110  8:23  Zergling x2  
  110  8:25  Zergling x2  
  110  8:26  Zergling x2  
  98  8:28  Zergling x4  
  98  8:30  Zergling x4  
  98  8:32  Zergling x2  
  98  8:33  Zergling x2  
  103  8:34  Zergling x2  
  103  8:36  Zergling x4  
  103  8:40  Zergling x4  
  108  8:43  Zergling x4  
  108  8:44  Zergling x2  
  108  8:47  Zergling x4  
  102  8:49  Zergling x4  
  102  8:54  Zergling x2  
  104  8:57  Zergling x4  
  104  9:00  Zergling x4  
  108  9:04  Zergling x2  
  108  9:07  Zergling x4  
  110  9:16  Zergling x2  
  106  9:18  Zergling x4  
  106  9:19  Zergling x4  
  106  9:23  Zergling x2  
  106  9:24  Zergling x2  
  99  9:27  Zergling x2  
  99  9:29  Zergling x4  
  86  9:32  Zergling x4  
  86  9:40  Hydralisk Den  
  85  9:50  Spore Crawler  
  85  9:51  Queen  
  85  9:53  Overlord x5  
  85  9:54  Overlord x2  
  85  9:59  Drone x4  
  89  10:04  Centrifical Hooks  
  89  10:09  Hydralisk x4  
  92  10:17  Hydralisk x5  
  92  10:19  Hydralisk  
  102  10:24  Hydralisk  
  102  10:25  Zerg Missile Weapons Level 1, Hydralisk, Spore Crawler  
  105  10:30  Hydralisk x2  
  105  10:32  Hydralisk  
  111  10:37  Hydralisk  
  111  10:40  Hydralisk  
  111  10:42  Hydralisk  
  115  10:44  Hydralisk  
  115  10:47  Hydralisk  
  115  10:49  Hydralisk  
  121  10:52  Drone  
  121  10:53  Drone x2  
  121  10:54  Drone  
  121  10:55  Drone  
  128  10:58  Drone x2  
  128  10:59  Drone  
  128  11:00  Drone  
  132  11:07  Drone x2  
  132  11:08  Drone, Infestation Pit  
  134  11:11  Hydralisk x2  
  134  11:12  Hydralisk  
  134  11:16  Hydralisk x2  
  144  11:20  Hydralisk  
  144  11:22  Hydralisk  
  144  11:25  Hydralisk  
  143  11:35  Hydralisk  
  143  11:38  Hydralisk  
  142  11:42  Zergling x6  
  142  11:45  Zergling x8  
  142  11:46  Zergling x6  
  139  11:47  Zergling x4  
  139  11:48  Zergling x4  
  122  12:07  Zergling x8  
  122  12:08  Zergling x4  
  124  12:09  Queen  
  124  12:13  Hydralisk Den  
  124  12:14  Extractor  
  124  12:15  Zergling x4  
  124  12:16  Zergling x14  
  124  12:17  Zergling x8  
  124  12:19  Extractor  
  136  12:22  Zerg Missile Weapons Level 2  
  136  12:25  Hive  
  136  12:27  Extractor  
  135  12:30  Extractor x2, Drone x2  
  135  12:31  Drone x2  
  137  12:40  Drone x10  
  147  12:48  Hydralisk x4  
  155  12:52  Grooved Spines  
  155  13:00  Hatchery  
  154  13:06  Overlord  
  154  13:12  Spire  
  153  13:17  Hatchery  
  153  13:18  Overlord x4  
  151  13:21  Hydralisk x3  
  151  13:25  Overlord  
  157  13:40  Hydralisk x4  
  157  13:41  Hydralisk, Spore Crawler  
  165  13:42  Spore Crawler x2  
  165  13:46  Hydralisk  
  165  13:47  Hydralisk x3  
  172  13:56  Hydralisk  
  172  13:57  Hydralisk x3  
  172  13:58  Hydralisk  
  172  14:01  Hydralisk  
  184  14:06  Hydralisk x2  
  188  14:28  Zerg Flyer Weapons Level 1  
  188  14:29  Zerg Melee Weapons Level 3  
  186  14:33  Hydralisk x5  
  186  14:36  Hydralisk  
  194  14:48  Hydralisk  
  194  14:49  Hydralisk x3  
  194  14:50  Hydralisk x2  
  187  14:54  Hydralisk  
  187  14:58  Hydralisk x2  
  180  15:00  Hydralisk  
  180  15:04  Hydralisk  
  180  15:06  Hydralisk  
  168  15:13  Hydralisk  
  164  15:18  Hydralisk  
  164  15:19  Hydralisk x2  
  162  15:22  Hydralisk x2  
  152  15:29  Hydralisk x2  
  152  15:32  Hydralisk  
  152  15:34  Hydralisk  
  152  15:37  Hydralisk x2  
  152  15:42  Hydralisk  
  132  15:43  Hydralisk  
  132  15:46  Hydralisk  
  132  15:48  Hydralisk  
  122  15:51  Zergling x4  
  122  15:52  Zergling x12  
  122  15:53  Hydralisk, Zergling x6  
  122  15:56  Hydralisk  
  133  15:59  Hydralisk  
  133  16:01  Hydralisk  
  125  16:05  Hydralisk  
  125  16:07  Hydralisk  
  125  16:09  Hydralisk  
  124  16:12  Hydralisk  
  124  16:15  Hydralisk  
  127  16:19  Hydralisk  
  127  16:21  Hydralisk  
  123  16:28  Hydralisk x2  
  123  16:31  Hydralisk  
  127  16:36  Hydralisk  
  128  16:40  Hydralisk  
  128  16:44  Hydralisk  
  127  16:47  Hydralisk  
  127  16:51  Hydralisk  
Show
View Real Time Build Order
Export as new Build Order

Alphonsekarr Protoss 

Build Orders:  

Get SALT Encoding   

  12  0:00  Probe  
  13  0:12  Probe  
  14  0:21  Pylon  
  14  0:26  Probe  
  15  0:40  Gateway  
  15  0:42  Probe  
  16  0:46  Assimilator  
  16  1:20  Pylon  
  16  1:28  Zealot (Chrono Boost)  
  18  1:40  Cybernetics Core  
  18  1:41  Gateway  
  18  2:05  Zealot  
  20  2:24  Warp Gate  
  20  2:26  Nexus  
  20  2:33  Assimilator  
  20  2:40  Robotics Facility  
  20  2:46  Probe  
  21  2:58  Probe, Pylon  
  22  3:07  Stalker (Chrono Boost)  
  22  3:10  Probe  
  25  3:18  Gateway  
  25  3:24  Probe  
  26  3:31  Observer  
  27  3:39  Probe (Chrono Boost)  
  27  3:40  Probe (Chrono Boost)  
  31  3:48  Probe (Chrono Boost)  
  31  3:51  Probe (Chrono Boost)  
  31  3:57  Immortal (Chrono Boost)  
  31  4:02  Probe  
  36  4:15  Probe  
  37  4:17  Stalker  
  37  4:18  Stalker  
  37  4:23  Probe  
  42  4:31  Stalker  
  44  4:37  Assimilator  
  44  4:39  Probe  
  45  4:49  Immortal  
  50  4:52  Probe (Chrono Boost)  
  50  4:53  Probe (Chrono Boost)  
  50  4:58  Pylon  
  51  5:03  Probe (Chrono Boost)  
  52  5:12  Stalker  
  54  5:20  Probe x2  
  56  5:32  Probe x2  
  56  5:34  Gateway  
  58  5:42  Pylon  
  58  5:44  Probe  
  58  5:47  Twilight Council  
  59  5:50  Pylon  
  59  6:01  Gateway  
  59  6:07  Assimilator  
  59  6:12  Probe (Chrono Boost)  
  59  6:15  Probe (Chrono Boost)  
  61  6:21  Charge (Chrono Boost)  
  62  6:28  Probe (Chrono Boost), Forge  
  62  6:30  Nexus, Forge  
  62  6:37  Stalker  
  64  6:50  Stalker x3  
  70  6:55  Pylon  
  70  7:05  Probe  
  70  7:06  Probe  
  70  7:08  Zealot x2  
  76  7:14  Protoss Ground Armor Level 1 (Chrono Boost)  
  76  7:17  Protoss Ground Weapons Level 1 (Chrono Boost)  
  76  7:19  Zealot x2  
  80  7:23  Probe  
  80  7:28  Pylon  
  81  7:31  Zealot x2  
  85  7:42  Zealot x3  
  91  7:57  Zealot x2  
  95  8:07  Zealot x3  
  95  8:22  Probe  
  95  8:23  Probe  
  97  8:28  Warp Prism  
  95  8:40  Stalker x5  
  101  8:46  Probe (Chrono Boost)  
  101  8:47  Probe (Chrono Boost)  
  100  8:51  Probe (Chrono Boost)  
  101  8:57  Probe x2 (Chrono Boost)  
  101  9:00  Probe (Chrono Boost)  
  101  9:01  Probe (Chrono Boost)  
  100  9:13  Blink  
  96  9:20  Templar Archives  
  74  9:35  Probe  
  74  9:36  Protoss Ground Weapons Level 2 (Chrono Boost)  
  74  9:37  Pylon  
  74  9:38  Assimilator, Stalker x4  
  67  9:39  Stalker  
  75  9:48  Pylon, Protoss Ground Armor Level 2 (Chrono Boost)  
  75  9:54  Probe  
  75  9:57  Assimilator  
  75  9:59  Photon Cannon  
  76  10:03  Probe x2  
  76  10:05  Psionic Storm  
  78  10:13  Zealot x4  
  78  10:14  Zealot  
  88  10:40  Stalker x3  
  88  10:41  Stalker  
  86  10:54  Gateway  
  86  10:56  Gateway  
  86  10:57  Stalker  
  86  11:00  Pylon  
  88  11:05  Zealot x2  
  88  11:06  Zealot x2  
  88  11:10  Nexus  
  96  11:23  Stalker  
  92  11:35  High Templar x4  
  96  11:49  High Templar x2  
  98  12:08  High Templar x3  
  96  12:09  Zealot x2  
  96  12:14  Probe x2  
  104  12:19  Protoss Ground Weapons Level 3 (Chrono Boost)  
  104  12:20  Protoss Ground Armor Level 3 (Chrono Boost)  
  104  12:21  Pylon  
  104  12:28  Gateway, Assimilator  
  104  12:32  Gateway  
  104  12:34  Gateway, Assimilator  
  104  12:37  High Templar  
  104  12:40  High Templar  
  104  12:41  Probe x3  
  111  12:49  Probe  
  112  12:53  Probe x3, High Templar  
  112  12:55  Zealot x4  
  125  13:02  Probe  
  125  13:04  Warp Prism (Chrono Boost)  
  127  13:05  Probe x2  
  127  13:10  Probe  
  131  13:14  Probe  
  131  13:17  Probe  
  131  13:19  High Templar  
  135  13:20  High Templar x2  
  135  13:21  Zealot x3  
  145  13:36  High Templar x2  
  145  13:38  Stalker  
  145  13:40  Archon  
  150  13:42  Archon  
  150  13:47  Probe x3  
  153  13:53  Probe  
  137  14:17  High Templar x5  
  137  14:19  Zealot x2  
  137  14:20  Zealot x2  
  137  14:21  Archon x2  
  137  14:22  Archon  
  153  14:25  High Templar  
  153  14:29  Archon  
  155  14:45  Warp Prism  
  141  15:04  Stalker  
  141  15:05  Stalker x5  
  141  15:06  Stalker x2  
  147  15:21  Archon  
  147  15:22  Archon x3  
  117  15:33  Zealot x6  
  117  15:34  Zealot x4  
  103  15:55  High Templar x3  
  103  15:56  High Templar x5  
  97  15:58  Zealot x2  
  97  16:00  Archon  
  97  16:01  Archon x2  
  97  16:02  Archon  
  95  16:11  Immortal  
  99  16:24  Zealot x2  
  97  16:42  High Templar x3  
  97  16:43  High Templar  
  105  16:49  Archon  
  105  16:50  Archon  
Show
View Real Time Build Order
Export as new Build Order

Massa Terran - Winner!

Build Orders: Gas First Reaper Expand 

Get SALT Encoding   

  12  0:00  SCV  
  13  0:12  SCV  
  14  0:21  Supply Depot  
  14  0:24  SCV  
  15  0:34  Refinery  
  15  0:43  SCV  
  15  0:45  Barracks  
  16  0:55  SCV  
  17  1:07  SCV  
  18  1:19  SCV  
  19  1:32  Orbital Command  
  19  1:40  Command Center  
  19  1:44  Reaper  
  20  1:58  SCV  
  21  2:09  Factory  
  21  2:14  SCV, Supply Depot  
  22  2:17  Barracks Tech Lab  
  22  2:26  SCV  
  23  2:35  Marine  
  24  2:37  Barracks  
  24  2:38  SCV  
  25  2:50  SCV  
  26  3:09  Starport  
  26  3:11  Orbital Command  
  26  3:12  SCV  
  27  3:17  Marine  
  28  3:24  SCV, Command Center  
  28  3:26  Siege Tank  
  28  3:27  Marine  
  33  3:34  Supply Depot  
  33  3:48  SCV  
  33  3:49  SCV  
  33  3:50  Refinery  
  33  3:53  Refinery  
  35  3:55  Engineering Bay  
  35  3:59  Barracks Tech Lab  
  35  4:00  SCV  
  35  4:01  SCV  
  37  4:11  Marine  
  38  4:22  Missile Turret  
  38  4:26  Missile Turret  
  38  4:35  Marine  
  38  4:37  Stimpack  
  38  4:38  Marauder  
  41  4:50  Medivac  
  41  4:52  SCV x2  
  45  4:53  SCV, Marine  
  45  4:59  Marauder  
  49  5:04  SCV  
  49  5:05  SCV x2  
  52  5:09  Refinery  
  52  5:10  Marine  
  52  5:12  Siege Tank  
  56  5:17  SCV x3  
  56  5:20  Barracks  
  56  5:21  Marauder  
  61  5:22  Barracks  
  61  5:28  Marine  
  61  5:29  SCV  
  61  5:33  Terran Infantry Weapons Level 1  
  63  5:37  Armory, Supply Depot x2  
  63  5:38  SCV x2  
  63  5:41  Marine  
  66  5:46  Marine  
  66  5:47  Medivac  
  69  5:59  Marine  
  69  6:00  Supply Depot  
  69  6:02  Supply Depot  
  70  6:04  Marine  
  70  6:07  Siege Tank  
  74  6:15  Orbital Command  
  74  6:17  SCV x2  
  74  6:18  Marauder  
  78  6:22  Marine  
  79  6:25  Combat Shield  
  79  6:27  Barracks Reactor, Barracks Tech Lab  
  79  6:29  SCV x2  
  79  6:31  Medivac  
  83  6:39  Marauder, Marine  
  87  6:40  Widow Mine  
  87  6:41  SCV x2  
  90  6:47  SCV  
  90  6:53  SCV x2  
  93  6:57  Marine  
  93  6:59  SCV  
  93  7:00  Marauder  
  85  7:02  Marauder  
  85  7:05  SCV x2  
  86  7:10  Siege Tank  
  86  7:11  SCV  
  86  7:15  Marine  
  90  7:17  SCV  
  90  7:18  SCV  
  90  7:22  Marauder, Marine  
  96  7:31  Marine x2  
  96  7:33  Marine  
  96  7:35  SCV x2  
  101  7:41  Refinery  
  101  8:20  SCV  
  101  8:22  Marauder x2, Siege Tank  
  101  8:24  Marine x3  
  73  8:42  Marine x3  
  73  8:43  Orbital Command, Marauder  
  73  8:44  Marauder  
  77  8:54  Medivac, Siege Tank  
  71  8:59  Marine  
  71  9:00  Marine x2  
  74  9:05  Marauder x2  
  78  9:11  Terran Infantry Armor Level 1  
  78  9:12  Barracks x3, Terran Vehicle Weapons Level 1  
  78  9:13  Barracks  
  78  9:15  Barracks  
  78  9:17  Marine  
  78  9:18  Marine x2  
  80  9:26  Marauder x2, Siege Tank  
  81  9:35  Marine x3  
  77  9:47  Marine  
  77  9:48  SCV x3, Marauder  
  83  9:53  Marine x3, Medivac  
  83  9:59  Siege Tank  
  91  10:00  SCV x3  
  91  10:05  Marauder  
  96  10:09  Marauder  
  96  10:11  Marine x2  
  96  10:12  SCV  
  101  10:27  Supply Depot x2  
  101  10:28  Supply Depot x2  
  101  10:29  Barracks Reactor, Barracks Tech Lab  
  101  10:30  Barracks Tech Lab, Supply Depot  
  101  10:31  Barracks Tech Lab  
  101  10:33  Supply Depot  
  101  10:48  Engineering Bay, Marine, SCV x2, Medivac, Siege Tank  
  101  10:49  SCV, Marauder x2, Concussive Shells  
  114  10:51  Supply Depot  
  114  11:00  SCV x2  
  114  11:01  SCV  
  117  11:11  Marauder x2  
  121  11:13  SCV x3  
  124  11:22  Marauder  
  124  11:23  Marauder x2, Marine  
  124  11:24  Marine x4  
  124  11:25  SCV  
  136  11:32  Marauder x2  
  138  11:44  Marauder x3  
  138  11:45  Marine  
  138  11:46  Marine x5  
  150  11:53  Marauder x2  
  144  12:03  Marine  
  144  12:04  Marine x2  
  144  12:05  Marauder x3  
  144  12:06  Marine  
  142  12:12  Siege Tank  
  142  12:15  Marauder x2  
  149  12:27  Marauder x3  
  149  12:29  Refinery  
  155  12:30  Sensor Tower  
  155  12:34  Command Center, Supply Depot  
  155  12:36  Marauder, Supply Depot  
  157  12:47  Terran Infantry Weapons Level 2  
  157  12:48  Supply Depot  
  157  12:52  Terran Infantry Armor Level 2  
  157  12:53  Supply Depot  
  157  12:55  Marine, Siege Tank  
  157  12:56  Marauder x2  
  157  12:57  Supply Depot  
  157  12:58  Smart Servos, Marauder x2, Marine x3  
  172  13:02  Barracks Tech Lab  
  172  13:10  Marauder  
  174  13:17  Marauder x2  
  182  13:20  Marauder x2  
  182  13:28  Siege Tank  
  182  13:32  Marauder  
  189  13:34  Marauder, Marine  
  189  13:35  Marine x3  
  189  13:38  Marauder x2  
  197  13:46  Marauder  
  199  13:58  Marauder  
  191  14:12  Starport Reactor  
  191  14:17  Drilling Claws  
  191  14:37  Ghost Academy  
  191  14:41  Ghost Academy  
  182  14:51  Marauder x3, Marine  
  182  14:52  Marauder x3, Siege Tank  
  156  15:07  SCV x3  
  156  15:13  Marauder x2  
  162  15:19  SCV x3  
  165  15:25  Siege Tank  
  150  15:31  SCV x2, Marauder x4, Marine  
  150  15:34  Marauder  
  159  15:46  Medivac x2  
  133  15:57  Siege Tank  
  115  16:16  Medivac x2  
  109  16:19  Marauder x6, Marine  
  116  16:29  Siege Tank  
  119  16:40  Marauder  
  119  16:41  Marauder x5  
  119  16:46  Command Center  
Show
View Real Time Build Order
Export as new Build Order

qqq Protoss - Winner!

Build Orders: Cannon Rush, Carriers 

Get SALT Encoding   

  12  0:01  Probe  
  13  0:16  Pylon  
  13  0:18  Probe  
  14  0:40  Probe, Forge  
  15  0:52  Probe  
  16  0:57  Pylon  
  16  1:06  Pylon  
  16  1:08  Pylon  
  16  1:30  Photon Cannon  
  16  1:44  Photon Cannon  
  15  1:50  Photon Cannon  
  15  2:01  Probe  
  15  2:13  Probe  
  16  2:17  Nexus  
  16  2:25  Probe  
  17  2:30  Gateway  
  17  2:47  Probe (Chrono Boost)  
  17  2:48  Assimilator  
  17  2:50  Assimilator  
  18  2:57  Probe (Chrono Boost)  
  19  3:02  Probe (Chrono Boost)  
  20  3:13  Probe  
  21  3:25  Probe  
  21  3:26  Cybernetics Core  
  22  3:28  Pylon  
  22  3:35  Pylon  
  22  3:37  Probe (Chrono Boost)  
  24  3:49  Probe (Chrono Boost)  
  24  3:50  Probe (Chrono Boost)  
  25  3:57  Probe (Chrono Boost)  
  25  3:58  Probe (Chrono Boost)  
  27  4:04  Probe  
  27  4:05  Stargate  
  27  4:08  Probe (Chrono Boost)  
  29  4:15  Stargate  
  29  4:16  Probe (Chrono Boost)  
  30  4:21  Probe (Chrono Boost)  
  31  4:26  Assimilator  
  31  4:27  Probe (Chrono Boost)  
  31  4:29  Probe (Chrono Boost)  
  31  4:30  Assimilator  
  34  4:45  Probe  
  34  4:46  Probe  
  34  4:49  Phoenix  
  37  4:57  Probe  
  37  4:58  Probe  
  39  5:01  Phoenix  
  41  5:09  Probe  
  41  5:10  Probe  
  43  5:14  Phoenix  
  45  5:22  Probe x2  
  45  5:26  Phoenix  
  49  5:34  Probe  
  49  5:35  Probe  
  51  5:38  Protoss Air Weapons Level 1 (Chrono Boost)  
  51  5:39  Phoenix  
  53  5:46  Probe  
  54  6:04  Pylon  
  54  6:09  Pylon  
  54  6:12  Fleet Beacon  
  54  6:13  Pylon  
  54  6:18  Pylon  
  54  6:31  Phoenix  
  54  6:32  Phoenix  
  58  6:56  Phoenix  
  58  6:57  Phoenix  
  62  7:01  Photon Cannon  
  62  7:02  Probe  
  62  7:03  Probe  
  62  7:05  Photon Cannon  
  64  7:14  Probe  
  64  7:15  Probe  
  66  7:21  Carrier  
  72  7:32  Probe x2  
  74  7:38  Nexus  
  74  7:39  Carrier  
  74  7:41  Pylon  
  80  7:44  Probe  
  80  7:45  Pylon  
  81  8:01  Protoss Air Armor Level 1  
  81  8:25  Tempest  
  82  8:43  Carrier  
  88  8:55  Photon Cannon  
  88  9:01  Photon Cannon  
  87  9:08  Carrier  
  67  9:35  Probe (Chrono Boost)  
  67  9:36  Probe (Chrono Boost)  
  68  9:47  Probe (Chrono Boost)  
  68  9:48  Probe (Chrono Boost), Carrier  
  76  9:55  Probe x2 (Chrono Boost)  
  78  10:01  Probe  
  78  10:02  Probe  
  78  10:03  Nexus  
  78  10:06  Pylon  
  80  10:10  Pylon  
  86  10:24  Probe x2  
  82  10:44  Probe x2  
  82  10:46  Photon Cannon  
  82  10:47  Stargate  
  82  10:49  Stargate  
  84  10:50  Photon Cannon  
  84  10:51  Tempest  
  84  10:52  Shield Battery  
  84  10:56  Probe  
  84  10:57  Probe  
  91  11:08  Probe  
  91  11:09  Probe  
  91  11:20  Probe  
  91  11:21  Probe, Protoss Air Weapons Level 2  
  89  11:33  Probe  
  89  11:35  Carrier  
  89  11:38  Photon Cannon  
  96  11:40  Shield Battery  
  96  11:54  Probe  
  103  12:01  Carrier  
  103  12:06  Probe  
  104  12:16  Probe x2, Pylon  
  104  12:18  Probe  
  104  12:20  Photon Cannon  
  107  12:28  Probe x2  
  107  12:29  Photon Cannon  
  109  12:31  Pylon  
  109  12:34  Probe  
  109  12:36  Photon Cannon  
  110  12:40  Probe x2  
  112  12:46  Probe  
  112  12:49  Pylon  
  113  12:52  Probe x2, Pylon  
  113  12:54  Pylon  
  115  12:58  Probe  
  115  13:02  Robotics Facility  
  115  13:05  Photon Cannon  
  116  13:10  Probe  
  116  13:12  Assimilator  
  117  13:15  Assimilator  
  117  13:22  Probe  
  118  13:35  Carrier x2  
  118  13:37  Carrier  
  136  14:12  Probe x3  
  136  14:15  Nexus  
  136  14:16  Pylon  
  139  14:19  Pylon  
  139  14:23  Pylon  
  139  14:25  Pylon  
  139  14:39  Carrier  
  139  14:43  Photon Cannon  
  145  14:46  Photon Cannon  
  144  15:12  Tempest  
  149  15:19  Tempest  
  136  15:54  Nexus  
  136  15:57  Pylon  
  136  16:00  Pylon  
  136  16:04  Pylon  
  136  16:06  Pylon  
  136  16:07  Pylon  
  136  16:08  Pylon  
Tags
 
Add a new tag
Caveats
  • Supply blocks, unpowered buildings, or Contaminate may cause inaccurate times.
  • Supply counts are checked every 10 seconds.